[ AOE2 MATCH · #458401351 ]
UnrankedBritons vs Teutons
[ REPLAY ANALYSIS · EXTRACTED FROM THE RECORDED GAME ]
Feudal
14:47
Castle
20:16
Imperial
39:35
| APM avg | 21.0 |
| APM peak | 54 |
| eAPM avg | 11.1 |
| Villagers / military | 93 / 138 |
Focus
⚔️ 24.2% · 🌾 75.8%
Longbowman ×61 · Archer ×57 · Scout Cavalry ×12 · Fishing Ship ×6 · Knight ×5 · Fire Galley ×2
Feudal
13:50
Castle
20:45
Imperial
37:36
| APM avg | 40.7 |
| APM peak | 93 |
| eAPM avg | 24.0 |
| Villagers / military | 155 / 379 |
Focus
⚔️ 40.7% · 🌾 59.3%
Spearman ×207 · Knight ×119 · Mangonel ×44 · Trade Cog ×16 · Fishing Ship ×10 · Trebuchet (Packed) ×3
Feudal
14:19
Castle
20:45
Imperial
45:24
| APM avg | 54.1 |
| APM peak | 109 |
| eAPM avg | 25.7 |
| Villagers / military | 199 / 455 |
Focus
⚔️ 24.5% · 🌾 75.5%
Scout Cavalry ×230 · Genoese Crossbowman ×136 · Knight ×68 · Fishing Ship ×21 · Bombard Cannon ×9 · Galley ×8
Feudal
15:16
Castle
22:45
Imperial
—
| APM avg | 25.6 |
| APM peak | 64 |
| eAPM avg | 15.6 |
| Villagers / military | 146 / 231 |
Focus
⚔️ 36.5% · 🌾 63.5%
Knight ×137 · Spearman ×55 · Fishing Ship ×37 · Fire Galley ×11 · Mangonel ×10 · Throwing Axeman ×10
Match map
Initial resources + every placement click. Lines = walls · curves = elevation contours. ◆ gold · ⬟ stone · ● berries · ✦ relic · ◌ wall gap
Your base· Open — 3t gap
27F's base· Open — 8t gap
Cuestax's base· Open — 9t gap
Troika212's base· Open — 15t gap
Smoothed initial terrain · ◌ = detected wall gap · hover for details
Inputs per minute
— sebact - - 27F
Build order — sebact
First 150 of 228 actions detected
| 0:24 | Build | Town Center |
| 0:38 | Build | Dock |
| 1:22 | Build | Palisade Wall |
| 1:33 | Build | Palisade Wall |
| 1:38 | Build | Palisade Wall |
| 1:53 | Build | Palisade Wall |
| 1:58 | Build | Palisade Wall |
| 2:50 | Build | Palisade Wall |
| 2:56 | Build | Palisade Wall |
| 3:03 | Create | Villager (Male) ×4 |
| 3:03 | Create | Villager (Male) ×4 |
| 3:24 | Build | House |
| 4:18 | Research | Loom |
| 4:44 | Create | Villager (Male) |
| 4:44 | Create | Villager (Male) |
| 5:35 | Create | Villager (Male) |
| 5:35 | Create | Villager (Male) |
| 5:48 | Create | Fishing Ship |
| 6:08 | Create | Villager (Male) |
| 6:16 | Build | House |
| 6:17 | Build | House |
| 6:39 | Create | Villager (Male) |
| 6:39 | Create | Villager (Male) |
| 6:54 | Build | Palisade Wall |
| 6:55 | Build | Palisade Wall |
| 7:16 | Create | Villager (Male) |
| 7:21 | Create | Fishing Ship |
| 7:53 | Create | Villager (Male) |
| 7:53 | Create | Villager (Male) |
| 8:29 | Create | Villager (Male) |
| 8:29 | Create | Villager (Male) |
| 8:35 | Create | Fishing Ship |
| 8:35 | Create | Fishing Ship |
| 9:24 | Create | Villager (Male) |
| 9:31 | Build | House |
| 9:36 | Create | Villager (Male) |
| 10:49 | Create | Villager (Male) |
| 10:50 | Create | Villager (Male) |
| 11:06 | Build | Mining Camp |
| 12:01 | Build | Mill |
| 12:09 | Create | Fishing Ship |
| 12:09 | Create | Fishing Ship |
| 12:37 | Research | Feudal Age |
| 12:44 | Build | Barracks |
| 13:11 | Build | House |
| 13:28 | Build | Mining Camp |
| 14:06 | Create | Villager (Male) |
| 14:06 | Create | Villager (Male) |
| 14:47 | Age | Feudal Age |
| 14:54 | Build | Market |
| 15:18 | Create | Fire Galley |
| 15:18 | Create | Fire Galley |
| 15:36 | Build | Farm |
| 15:37 | Build | Farm |
| 15:39 | Build | Farm |
| 15:40 | Build | Farm |
| 15:44 | Create | Villager (Male) |
| 15:44 | Create | Villager (Male) |
| 16:08 | Build | Farm |
| 16:51 | Build | Archery Range |
| 17:31 | Build | Farm |
| 17:36 | Research | Castle Age |
| 17:53 | Build | Blacksmith |
| 17:59 | Build | House |
| 18:47 | Create | Archer |
| 18:48 | Create | Archer |
| 18:48 | Create | Archer |
| 18:52 | Research | Padded Archer Armor |
| 19:44 | Create | Archer |
| 19:44 | Create | Archer |
| 19:54 | Build | Archery Range |
| 20:16 | Age | Castle Age |
| 20:49 | Build | Town Center |
| 20:57 | Build | Town Center |
| 21:01 | Create | Villager (Male) |
| 21:01 | Create | Villager (Male) |
| 21:04 | Research | Crossbowman (upgrade) |
| 21:34 | Build | House |
| 21:35 | Build | House |
| 21:57 | Build | House |
| 21:58 | Build | House |
| 22:05 | Research | Gold Mining |
| 22:11 | Research | Fletching |
| 22:21 | Build | Town Center |
| 22:27 | Create | Villager (Male) |
| 22:27 | Create | Villager (Male) |
| 22:27 | Create | Villager (Male) |
| 22:58 | Create | Archer |
| 23:07 | Create | Villager (Male) |
| 23:07 | Create | Villager (Male) |
| 23:07 | Create | Villager (Male) |
| 23:17 | Build | House |
| 23:26 | Create | Transport Ship |
| 23:46 | Create | Archer ×2 |
| 24:04 | Create | Villager (Male) |
| 24:04 | Create | Villager (Male) |
| 24:05 | Create | Villager (Male) |
| 24:19 | Build | University |
| 24:33 | Create | Villager (Male) |
| 25:01 | Create | Villager (Male) |
| 25:01 | Create | Villager (Male) |
| 25:18 | Create | Villager (Male) |
| 25:18 | Create | Villager (Male) |
| 27:01 | Create | Archer ×5 |
| 27:01 | Create | Archer ×5 |
| 27:20 | Research | Ballistics |
| 27:24 | Create | Villager (Male) |
| 27:24 | Create | Villager (Male) |
| 27:29 | Create | Villager (Male) |
| 27:29 | Create | Villager (Male) |
| 27:37 | Build | Farm |
| 27:38 | Build | Farm |
| 27:43 | Create | Villager (Male) |
| 27:43 | Create | Villager (Male) |
| 27:52 | Build | Farm |
| 28:05 | Build | Farm |
| 28:06 | Build | Farm |
| 28:19 | Create | Villager (Male) |
| 28:19 | Create | Villager (Male) |
| 28:34 | Create | Archer ×5 |
| 29:14 | Create | Archer ×5 |
| 30:39 | Research | Bodkin Arrow |
| 30:56 | Create | Archer ×4 |
| 31:03 | Research | Wheelbarrow |
| 31:10 | Build | Farm |
| 31:11 | Build | Farm |
| 31:20 | Build | House |
| 31:24 | Build | House |
| 31:36 | Build | Castle |
| 32:58 | Create | Archer ×5 |
| 33:15 | Research | Hand Cart |
| 33:19 | Build | House |
| 33:21 | Build | House |
| 33:34 | Research | Leather Archer Armor |
| 34:16 | Build | Market |
| 34:23 | Create | Villager (Male) |
| 34:23 | Create | Villager (Male) |
| 34:23 | Create | Villager (Male) |
| 34:31 | Build | Farm |
| 34:31 | Build | Farm |
| 34:32 | Build | Farm |
| 34:33 | Build | Farm |
| 34:40 | Build | Farm |
| 34:46 | Build | Farm |
| 35:04 | Build | Farm |
| 35:06 | Build | Farm |
| 35:25 | Create | Villager (Male) |
| 35:25 | Create | Villager (Male) |
| 35:26 | Create | Villager (Male) |
| 35:39 | Build | Farm |
Build order — 27F
First 150 of 745 actions detected
| 0:18 | Build | House |
| 0:20 | Build | Dock |
| 0:38 | Build | Town Center |
| 2:09 | Build | Palisade Wall |
| 2:11 | Build | Palisade Wall |
| 2:17 | Build | Palisade Wall |
| 3:03 | Create | Villager (Male) |
| 3:03 | Create | Villager (Male) |
| 3:03 | Create | Villager (Male) |
| 3:03 | Create | Villager (Male) |
| 3:26 | Build | Palisade Wall |
| 3:31 | Build | Palisade Wall |
| 3:35 | Build | Palisade Wall |
| 3:37 | Build | Palisade Wall |
| 3:39 | Build | Palisade Wall |
| 3:52 | Create | Villager (Male) |
| 3:55 | Build | Palisade Wall |
| 4:10 | Research | Loom |
| 4:26 | Create | Villager (Male) |
| 4:26 | Create | Villager (Male) |
| 4:26 | Create | Villager (Male) |
| 5:07 | Create | Fishing Ship |
| 5:39 | Create | Villager (Male) |
| 5:46 | Build | House |
| 5:55 | Create | Fishing Ship |
| 6:14 | Create | Villager (Male) |
| 6:36 | Create | Villager (Male) |
| 7:00 | Create | Fishing Ship |
| 7:13 | Build | House |
| 7:24 | Create | Villager (Male) |
| 7:24 | Create | Villager (Male) |
| 7:39 | Create | Villager (Male) |
| 7:49 | Create | Fishing Ship |
| 7:57 | Build | Palisade Wall |
| 8:09 | Build | Palisade Wall |
| 8:28 | Create | Villager (Male) |
| 8:35 | Create | Fishing Ship |
| 8:47 | Create | Villager (Male) |
| 8:59 | Build | House |
| 9:43 | Create | Villager (Male) |
| 10:07 | Create | Villager (Male) |
| 10:13 | Build | Mill |
| 10:28 | Create | Fishing Ship |
| 10:43 | Create | Fishing Ship |
| 10:45 | Create | Villager (Male) |
| 10:52 | Build | House |
| 11:20 | Build | House |
| 11:40 | Research | Feudal Age |
| 11:47 | Build | House |
| 12:00 | Build | House |
| 12:03 | Build | Palisade Wall |
| 12:34 | Build | Mill |
| 12:48 | Create | Villager (Male) |
| 12:58 | Build | Palisade Wall |
| 13:00 | Build | Palisade Wall |
| 13:12 | Build | Palisade Wall |
| 13:45 | Build | Barracks |
| 13:49 | Create | Villager (Male) |
| 13:50 | Age | Feudal Age |
| 13:58 | Create | Villager (Male) |
| 14:13 | Build | Blacksmith |
| 14:19 | Build | Market |
| 14:27 | Research | Town Watch |
| 14:29 | Create | Villager (Male) |
| 14:44 | Create | Fishing Ship |
| 15:06 | Research | Horse Collar |
| 15:20 | Build | House |
| 15:25 | Create | Villager (Male) |
| 16:00 | Create | Villager (Male) |
| 16:05 | Create | Villager (Male) |
| 16:15 | Create | Fishing Ship |
| 16:25 | Build | House |
| 16:37 | Create | Villager (Male) |
| 16:55 | Create | Villager (Male) |
| 17:07 | Build | House |
| 17:18 | Build | Mining Camp |
| 17:26 | Create | Villager (Male) |
| 17:47 | Research | Castle Age |
| 18:06 | Research | Gold Mining |
| 18:19 | Build | Stable |
| 18:32 | Create | Fishing Ship |
| 19:20 | Research | Bloodlines |
| 20:09 | Build | Dock |
| 20:11 | Create | Fire Galley |
| 20:45 | Age | Castle Age |
| 21:02 | Build | Mining Camp |
| 21:10 | Build | Town Center |
| 21:15 | Research | Town Patrol |
| 21:19 | Create | Knight |
| 21:26 | Create | Galley |
| 21:33 | Create | Villager (Male) |
| 21:42 | Build | Lumber Camp |
| 22:01 | Create | Knight |
| 22:09 | Create | Villager (Male) |
| 22:12 | Create | Villager (Male) |
| 22:12 | Create | Villager (Male) |
| 22:12 | Create | Villager (Male) |
| 22:37 | Create | Villager (Male) |
| 22:38 | Create | Villager (Male) |
| 22:40 | Create | Villager (Male) |
| 22:40 | Create | Villager (Male) |
| 22:41 | Create | Villager (Male) |
| 22:41 | Create | Villager (Male) |
| 22:47 | Build | House |
| 22:51 | Build | House |
| 22:53 | Build | House |
| 22:53 | Build | House |
| 23:20 | Research | Forging |
| 23:21 | Research | Scale Barding Armor |
| 23:28 | Create | Knight |
| 23:29 | Create | Knight |
| 24:08 | Build | Farm |
| 24:08 | Build | Farm |
| 24:09 | Build | Farm |
| 24:09 | Build | Farm |
| 24:09 | Build | Farm |
| 24:09 | Build | Farm |
| 24:17 | Create | Villager (Male) |
| 24:17 | Create | Villager (Male) |
| 24:21 | Build | Palisade Wall |
| 24:51 | Create | Villager (Male) |
| 24:51 | Create | Villager (Male) |
| 24:51 | Create | Villager (Male) |
| 24:52 | Create | Villager (Male) |
| 24:52 | Create | Villager (Male) |
| 25:09 | Build | Farm |
| 25:18 | Build | Town Center |
| 25:24 | Create | Villager (Male) |
| 25:25 | Create | Villager (Male) |
| 25:25 | Create | Villager (Male) |
| 25:57 | Create | Knight |
| 25:57 | Create | Knight |
| 26:24 | Research | Iron Casting |
| 26:38 | Create | Villager (Male) |
| 26:39 | Create | Villager (Male) |
| 26:39 | Create | Villager (Male) |
| 27:16 | Build | Castle |
| 27:24 | Research | Wheelbarrow |
| 27:25 | Create | Villager (Male) |
| 27:25 | Create | Villager (Male) |
| 27:25 | Create | Villager (Male) |
| 27:25 | Create | Villager (Male) |
| 27:27 | Create | Villager (Male) |
| 27:30 | Build | Farm |
| 27:30 | Build | Farm |
| 27:31 | Build | Farm |
| 27:31 | Build | Farm |
| 27:31 | Build | Farm |
| 28:07 | Create | Knight |
| 28:07 | Create | Knight |
Build order — Cuestax
First 150 of 627 actions detected
| 0:32 | Build | Dock |
| 1:41 | Build | Town Center |
| 3:44 | Create | Villager (Male) |
| 3:44 | Create | Villager (Male) |
| 3:44 | Create | Villager (Male) |
| 3:44 | Create | Villager (Male) |
| 3:45 | Create | Villager (Male) |
| 3:45 | Create | Villager (Male) |
| 4:39 | Research | Loom |
| 4:44 | Build | House |
| 4:50 | Create | Villager (Male) |
| 4:50 | Create | Villager (Male) |
| 4:50 | Create | Villager (Male) |
| 4:50 | Create | Villager (Male) |
| 5:04 | Create | Villager (Male) |
| 5:10 | Create | Fishing Ship |
| 5:50 | Create | Fishing Ship |
| 6:05 | Build | House |
| 6:37 | Build | House |
| 6:53 | Create | Villager (Male) |
| 6:53 | Create | Villager (Male) |
| 7:19 | Create | Fishing Ship |
| 7:20 | Create | Villager (Male) |
| 7:46 | Create | Villager (Male) |
| 7:47 | Create | Villager (Male) |
| 7:47 | Create | Villager (Male) |
| 7:47 | Create | Villager (Male) |
| 8:03 | Build | House |
| 8:19 | Create | Fishing Ship |
| 8:55 | Create | Villager (Male) |
| 8:55 | Create | Villager (Male) |
| 8:59 | Create | Fishing Ship |
| 9:39 | Create | Villager (Male) |
| 9:51 | Build | Mill |
| 10:04 | Create | Villager (Male) |
| 10:04 | Create | Villager (Male) |
| 10:44 | Create | Fishing Ship |
| 10:46 | Create | Villager (Male) |
| 10:49 | Build | House |
| 11:30 | Create | Villager (Male) |
| 11:46 | Build | Lumber Camp |
| 12:09 | Research | Feudal Age |
| 12:43 | Build | House |
| 13:51 | Create | Villager (Male) |
| 13:51 | Create | Villager (Male) |
| 14:19 | Age | Feudal Age |
| 14:23 | Create | Fire Galley |
| 14:25 | Research | Double-Bit Axe |
| 14:28 | Create | Villager (Male) |
| 14:28 | Create | Villager (Male) |
| 14:55 | Build | House |
| 15:30 | Create | Fire Galley |
| 15:35 | Create | Villager (Male) |
| 16:00 | Build | Blacksmith |
| 16:10 | Create | Villager (Male) |
| 16:11 | Create | Villager (Male) |
| 16:11 | Create | Villager (Male) |
| 16:44 | Create | Fire Galley |
| 17:13 | Build | Market |
| 17:18 | Create | Villager (Male) |
| 17:25 | Research | Fletching |
| 17:42 | Create | Fire Galley |
| 18:02 | Research | Castle Age |
| 18:02 | Research | Castle Age |
| 18:13 | Build | House |
| 18:30 | Build | Mining Camp |
| 19:31 | Research | Gold Mining |
| 19:34 | Research | Horse Collar |
| 20:38 | Build | Dock |
| 20:45 | Age | Castle Age |
| 20:47 | Create | Villager (Male) |
| 20:47 | Create | Villager (Male) |
| 20:53 | Build | Town Center |
| 20:57 | Research | Bow Saw |
| 20:57 | Research | Bow Saw |
| 21:00 | Create | Villager (Male) |
| 21:00 | Create | Villager (Male) |
| 21:01 | Create | Villager (Male) |
| 21:01 | Create | Villager (Male) |
| 21:22 | Research | War Galley (upgrade) |
| 21:29 | Create | Villager (Male) |
| 21:45 | Research | Stone Mining |
| 21:55 | Create | Galley |
| 21:55 | Create | Galley |
| 21:58 | Create | Villager (Male) |
| 21:58 | Create | Villager (Male) |
| 21:58 | Create | Villager (Male) |
| 21:59 | Create | Villager (Male) |
| 22:26 | Create | Unit 2626 |
| 22:31 | Create | Villager (Male) |
| 22:31 | Create | Villager (Male) |
| 22:32 | Create | Villager (Male) |
| 22:32 | Create | Villager (Male) |
| 22:40 | Build | Town Center |
| 23:05 | Create | Unit 2626 |
| 23:13 | Create | Galley |
| 23:14 | Create | Galley |
| 23:17 | Research | Fletching |
| 23:18 | Create | Villager (Male) |
| 23:18 | Create | Villager (Male) |
| 23:18 | Create | Villager (Male) |
| 23:18 | Create | Villager (Male) |
| 23:23 | Build | House |
| 23:24 | Build | House |
| 23:34 | Research | Wheelbarrow |
| 23:38 | Research | Town Watch |
| 23:42 | Build | House |
| 23:43 | Build | House |
| 23:55 | Create | Galley |
| 23:58 | Research | Bodkin Arrow |
| 24:00 | Create | Villager (Male) |
| 24:00 | Create | Villager (Male) |
| 24:00 | Create | Villager (Male) |
| 24:00 | Create | Villager (Male) |
| 24:33 | Create | Villager (Male) |
| 24:33 | Create | Villager (Male) |
| 24:33 | Create | Villager (Male) |
| 24:33 | Create | Villager (Male) |
| 24:59 | Create | Villager (Male) |
| 25:14 | Build | Farm |
| 25:15 | Build | Farm |
| 25:15 | Build | Farm |
| 25:15 | Build | Farm |
| 25:15 | Build | Farm |
| 25:16 | Build | Farm |
| 25:16 | Build | Farm |
| 25:16 | Build | Farm |
| 25:16 | Build | Farm |
| 25:16 | Build | Farm |
| 25:25 | Create | Galley |
| 25:35 | Build | House |
| 25:40 | Create | Villager (Male) |
| 25:40 | Create | Villager (Male) |
| 25:40 | Create | Villager (Male) |
| 25:44 | Build | Farm |
| 25:44 | Build | Farm |
| 25:44 | Build | Farm |
| 25:45 | Build | Farm |
| 25:45 | Build | Farm |
| 25:45 | Build | Farm |
| 25:45 | Build | Farm |
| 25:45 | Build | Farm |
| 26:17 | Build | Dock |
| 26:21 | Create | Galley |
| 26:21 | Create | Galley |
| 26:56 | Build | Castle |
| 27:01 | Create | Villager (Male) |
| 27:01 | Create | Villager (Male) |
| 27:01 | Create | Villager (Male) |
| 27:02 | Create | Villager (Male) |
Build order — Troika212
First 150 of 601 actions detected
| 0:36 | Build | Dock |
| 0:37 | Build | House |
| 1:00 | Build | Town Center |
| 3:02 | Create | Villager (Male) |
| 3:02 | Create | Villager (Male) |
| 3:02 | Create | Villager (Male) |
| 3:03 | Create | Villager (Male) |
| 4:08 | Create | Villager (Male) |
| 4:25 | Create | Fishing Ship |
| 4:56 | Build | House |
| 5:05 | Research | Loom |
| 5:19 | Create | Fishing Ship |
| 5:50 | Create | Villager (Male) |
| 6:03 | Create | Fishing Ship |
| 6:44 | Create | Fishing Ship |
| 6:47 | Create | Villager (Male) |
| 7:03 | Build | House |
| 7:23 | Create | Villager (Male) |
| 7:43 | Create | Villager (Male) |
| 7:46 | Create | Fishing Ship |
| 8:01 | Build | House |
| 8:10 | Create | Villager (Male) |
| 8:41 | Create | Fishing Ship |
| 8:47 | Create | Villager (Male) |
| 8:47 | Create | Villager (Male) |
| 8:57 | Build | House |
| 9:29 | Create | Fishing Ship |
| 9:34 | Create | Villager (Male) |
| 9:58 | Create | Villager (Male) |
| 10:01 | Create | Fishing Ship |
| 10:06 | Create | Villager (Male) |
| 10:17 | Build | Palisade Wall |
| 10:25 | Create | Villager (Male) |
| 10:36 | Create | Fishing Ship |
| 10:45 | Create | Villager (Male) |
| 11:21 | Create | Fishing Ship |
| 11:27 | Create | Villager (Male) |
| 11:43 | Create | Villager (Male) |
| 11:50 | Build | House |
| 12:11 | Create | Fishing Ship |
| 12:16 | Create | Villager (Male) |
| 12:28 | Build | Lumber Camp |
| 12:38 | Create | Villager (Male) |
| 12:48 | Research | Feudal Age |
| 13:08 | Build | Mining Camp |
| 13:47 | Build | House |
| 13:51 | Build | Palisade Wall |
| 14:02 | Build | House |
| 14:07 | Create | Fishing Ship |
| 14:19 | Build | Dock |
| 14:56 | Build | Lumber Camp |
| 15:16 | Age | Feudal Age |
| 15:17 | Research | Town Watch |
| 15:24 | Build | Blacksmith |
| 15:36 | Create | Villager (Male) |
| 15:44 | Create | Fishing Ship |
| 16:16 | Build | Mill |
| 16:32 | Build | Gate |
| 16:38 | Research | Double-Bit Axe |
| 16:39 | Create | Villager (Male) |
| 16:41 | Create | Villager (Male) |
| 16:46 | Create | Fishing Ship |
| 16:47 | Create | Fishing Ship |
| 17:08 | Create | Villager (Male) |
| 17:28 | Build | Mill |
| 17:41 | Create | Villager (Male) |
| 17:46 | Build | Mill |
| 17:56 | Create | Villager (Male) |
| 18:03 | Build | House |
| 18:04 | Build | House |
| 18:09 | Create | Fishing Ship |
| 18:10 | Create | Fishing Ship |
| 18:43 | Build | Market |
| 18:46 | Create | Villager (Male) |
| 18:50 | Create | Fishing Ship |
| 18:51 | Create | Fishing Ship |
| 19:09 | Build | Barracks |
| 19:30 | Create | Villager (Male) |
| 19:41 | Build | Fish Trap |
| 19:43 | Build | Fish Trap |
| 19:53 | Create | Unit 2626 |
| 20:05 | Research | Castle Age |
| 20:45 | Build | Dock |
| 20:49 | Build | Fish Trap |
| 21:04 | Create | Fire Galley |
| 21:07 | Create | Unit 2626 |
| 21:11 | Create | Villager (Male) |
| 21:16 | Build | Stable |
| 21:25 | Research | Gold Mining |
| 21:41 | Create | Fire Galley |
| 21:45 | Create | Fishing Ship |
| 22:08 | Build | Stable |
| 22:14 | Create | Villager (Male) |
| 22:15 | Create | Villager (Male) |
| 22:28 | Create | Fire Galley |
| 22:45 | Age | Castle Age |
| 23:06 | Research | Tech 905 |
| 23:12 | Research | War Galley (upgrade) |
| 23:15 | Create | Fire Galley |
| 23:21 | Create | Fishing Ship |
| 23:25 | Build | House |
| 23:36 | Research | Husbandry |
| 23:38 | Build | Stable |
| 23:40 | Create | Villager (Male) |
| 23:40 | Create | Villager (Male) |
| 23:45 | Build | House |
| 23:46 | Build | House |
| 23:47 | Build | House |
| 23:47 | Build | House |
| 23:48 | Build | House |
| 24:08 | Create | Fire Galley |
| 24:21 | Create | Fishing Ship |
| 24:30 | Create | Villager (Male) |
| 24:34 | Create | Knight |
| 24:34 | Create | Knight |
| 24:37 | Research | Scale Barding Armor |
| 24:37 | Research | Forging |
| 24:39 | Create | Knight |
| 24:41 | Create | Knight |
| 24:56 | Build | Stone Wall |
| 25:00 | Build | Gate |
| 25:07 | Build | Stone Wall |
| 25:10 | Build | Gate |
| 25:17 | Create | Knight |
| 25:17 | Create | Knight |
| 25:17 | Create | Knight |
| 25:19 | Create | Knight |
| 25:22 | Create | Fire Galley |
| 25:26 | Create | Unit 2626 |
| 25:41 | Build | Farm |
| 25:41 | Build | Farm |
| 25:44 | Create | Villager (Male) |
| 25:47 | Build | Farm |
| 25:49 | Build | Farm |
| 25:51 | Build | Farm |
| 26:11 | Create | Fire Galley |
| 26:15 | Create | Fire Galley |
| 26:34 | Create | Knight |
| 26:34 | Create | Knight |
| 26:34 | Create | Knight |
| 26:41 | Create | Knight |
| 26:47 | Build | Farm |
| 26:49 | Create | Villager (Male) |
| 26:57 | Create | Fishing Ship |
| 27:00 | Build | Fish Trap |
| 27:02 | Build | Fish Trap |
| 27:52 | Build | Stable |
| 27:56 | Build | Dock |
| 28:11 | Create | Fire Galley |
| 28:32 | Create | Knight |
Match timeline
| 0:20 | 27F · first_building Dock |
| 0:32 | Cuestax · first_building Dock |
| 0:36 | Troika212 · first_building Dock |
| 0:38 | sebact · first_building Dock |
| 1:22 | sebact · wall_segment Palisade Wall x1 |
| 1:33 | sebact · wall_segment Palisade Wall x1 |
| 1:38 | sebact · wall_segment Palisade Wall x1 |
| 1:53 | sebact · wall_segment Palisade Wall x1 |
| 1:58 | sebact · wall_segment Palisade Wall x1 |
| 2:09 | 27F · wall_segment Palisade Wall x1 |
| 2:11 | 27F · wall_segment Palisade Wall x1 |
| 2:17 | 27F · wall_segment Palisade Wall x1 |
| 2:50 | sebact · wall_segment Palisade Wall x1 |
| 2:56 | sebact · wall_segment Palisade Wall x1 |
| 3:26 | 27F · wall_segment Palisade Wall x1 |
| 3:31 | 27F · wall_segment Palisade Wall x1 |
| 3:35 | 27F · wall_segment Palisade Wall x1 |
| 3:37 | 27F · wall_segment Palisade Wall x1 |
| 3:39 | 27F · wall_segment Palisade Wall x1 |
| 3:55 | 27F · wall_segment Palisade Wall x1 |
| 6:54 | sebact · wall_segment Palisade Wall x1 |
| 6:55 | sebact · wall_segment Palisade Wall x1 |
| 7:57 | 27F · wall_segment Palisade Wall x6 |
| 8:09 | 27F · wall_segment Palisade Wall x7 |
| 10:17 | Troika212 · wall_segment Palisade Wall x10 |
| 12:03 | 27F · wall_segment Palisade Wall x7 |
| 12:44 | sebact · first_building Barracks |
| 12:58 | 27F · wall_segment Palisade Wall x1 |
| 13:00 | 27F · wall_segment Palisade Wall x1 |
| 13:12 | 27F · wall_segment Palisade Wall x1 |
| 13:45 | 27F · first_building Barracks |
| 13:50 | 27F · age_up feudal |
| 13:51 | Troika212 · wall_segment Palisade Wall x13 |
| 14:19 | Cuestax · age_up feudal |
| 14:47 | sebact · age_up feudal |
| 15:16 | Troika212 · age_up feudal |
| 16:51 | sebact · first_building Archery Range |
| 18:19 | 27F · first_building Stable |
| 19:09 | Troika212 · first_building Barracks |
| 20:16 | sebact · age_up castle |
| 20:45 | Cuestax · age_up castle |
| 20:45 | 27F · age_up castle |
| 21:16 | Troika212 · first_building Stable |
| 22:45 | Troika212 · age_up castle |
| 24:21 | 27F · wall_segment Palisade Wall x1 |
| 24:56 | Troika212 · wall_segment Stone Wall x14 |
| 25:07 | Troika212 · wall_segment Stone Wall x18 |
| 26:56 | Cuestax · first_building Castle |
| 27:07 | sebact · first_market_buy 100 food |
| 27:14 | sebact · first_market_sell 100 stone |
| 27:16 | 27F · first_building Castle |
| 31:36 | sebact · first_building Castle |
| 31:41 | Troika212 · first_building Siege Workshop |
| 33:11 | Cuestax · first_market_buy 100 stone |
| 33:28 | 27F · first_building Siege Workshop |
| 34:05 | Cuestax · first_market_sell 100 wood |
| 34:21 | 27F · first_market_sell 100 food |
| 35:25 | Troika212 · wall_segment Stone Wall x10 |
| 35:27 | Troika212 · wall_segment Stone Wall x7 |
| 37:36 | 27F · age_up imperial |
| 39:21 | sebact · first_building Stable |
| 39:35 | sebact · age_up imperial |
| 43:56 | Troika212 · first_building Castle |
| 44:10 | Cuestax · first_building Barracks |
| 44:59 | Cuestax · wall_segment Stone Wall x13 |
| 45:11 | Cuestax · first_building Stable |
| 45:24 | Cuestax · age_up imperial |
| 46:30 | Cuestax · wall_segment Stone Wall x10 |
| 46:54 | Cuestax · first_building Siege Workshop |
| 53:51 | Cuestax · wall_segment Palisade Wall x1 |
| 55:11 | 27F · wall_segment Stone Wall x11 |
| 55:42 | sebact · tribute_sent a jugador 1 |
| 55:42 | sebact · tribute_sent a jugador 2 |
| 55:42 | sebact · tribute_sent a jugador 3 |
| 56:47 | Troika212 · first_building Archery Range |
| 57:46 | Cuestax · wall_segment Stone Wall x10 |
| 59:26 | Cuestax · wall_segment Stone Wall x7 |
| 59:40 | 27F · tribute_sent a jugador 2 |
| 59:40 | 27F · tribute_sent a jugador 3 |
| 59:40 | 27F · tribute_sent a jugador 4 |
| 64:31 | Cuestax · tribute_sent a jugador 1 |
| 64:31 | Cuestax · tribute_sent a jugador 3 |
| 64:31 | Cuestax · tribute_sent a jugador 4 |
| 65:33 | Troika212 · wall_segment Stone Wall x13 |
| 65:47 | Troika212 · wall_segment Stone Wall x8 |
| 65:56 | Troika212 · wall_segment Stone Wall x12 |
| 73:03 | Troika212 · resign |
| 74:17 | 27F · first_building Archery Range |
[ AI ANALYSIS · 1 CREDIT ]
What really happened in this match?
Wolo.gg analyzes every decision: build order, eco, micro, common mistakes by bracket. Personalized analysis on WhatsApp or Discord in 30 seconds.
Civ guide
Britons
Perfil
Jugador #2254923